TOP OF THE 1ST |
Boston Red Sox batting - Pitching for Cleveland Indians : RHP Max Scherzer
|
Pitching: RHP Max Scherzer
|
|
Batting: LHB Zach McKinstry
|
0-0: Foul Ball, location: 2F 0-1: Ball 1-1: Ball 2-1: Bunt for hit to 56S - play at first, batter safe!
|
Batting: LHB Joe Panik
|
0-0: Ground out 4-3 (Groundball, 34D, EV 103.1 MPH) Zach McKinstry to second
|
Batting: RHB Mike Trout
|
0-0: 2-RUN HOME RUN (Flyball, 9LD, EV 93.1 MPH), Distance : 359 ft
|
Batting: RHB Xander Bogaerts
|
0-0: Fly out, F7 (Flyball, 7LM, EV 91.3 MPH)
|
Batting: SHB Marwin Gonzalez
|
0-0: Ball 1-0: Fly out, F8 (Flyball, 89XD, EV 95.6 MPH)
|
Top of the 1st over - 2 runs, 2 hits, 0 errors, 0 left on base; Boston 2 - Cleveland 0 |
BOTTOM OF THE 1ST |
Cleveland Indians batting - Pitching for Boston Red Sox : RHP Alejandro Requena
|
Pitching: RHP Alejandro Requena
|
|
Batting: SHB Jose Ramirez
|
0-0: Called Strike 0-1: Fly out, F4 (Popup, 34D, EV 68.8 MPH)
|
Batting: RHB Marcus Semien
|
0-0: Ball 1-0: Fly out, F6 (Popup, 6, EV 76.9 MPH)
|
Batting: LHB Christian Yelich
|
0-0: Ball 1-0: Foul Ball, location: 2F 1-1: Foul Ball, location: 2F 1-2: Strikes out swinging
|
Bottom of the 1st over - 0 runs, 0 hits, 0 errors, 0 left on base; Boston 2 - Cleveland 0 |
TOP OF THE 2ND |
Boston Red Sox batting - Pitching for Cleveland Indians : RHP Max Scherzer
|
Batting: RHB Steven Souza Jr.
|
0-0: Swinging Strike 0-1: Swinging Strike 0-2: Ball 1-2: Ball 2-2: Ball 3-2: Foul Ball, location: 2F 3-2: Strikes out looking
|
Batting: LHB Jarrod Dyson
|
0-0: Called Strike 0-1: Ball 1-1: Called Strike 1-2: Foul Ball, location: 2F 1-2: Ball 2-2: Ball 3-2: Base on Balls
|
Batting: RHB Wilson Ramos
|
0-0: Ball 1-0: Foul Ball, location: 2F 1-1: Ball 2-1: Ball 3-1: SINGLE (Line Drive, 34D, EV 105.0 MPH) Jarrod Dyson to second
|
Batting: SHB Willi Castro
|
0-0: Called Strike Jarrod Dyson steals 3rd base Wilson Ramos to second 0-1: Swinging Strike 0-2: Ball 1-2: Foul Ball, location: 2F 1-2: Ball 2-2: Foul Ball, location: 2F 2-2: Foul Ball, location: 2F 2-2: Strikes out swinging
|
Batting: LHB Zach McKinstry
|
0-0: Ball 1-0: Ground out 4-3 (Groundball, 34, EV 84.4 MPH)
|
Top of the 2nd over - 0 runs, 1 hit, 0 errors, 2 left on base; Boston 2 - Cleveland 0 |
BOTTOM OF THE 2ND |
Cleveland Indians batting - Pitching for Boston Red Sox : RHP Alejandro Requena
|
Batting: RHB J.D. Martinez
|
0-0: Ball 1-0: Called Strike 1-1: Ball 2-1: Called Strike 2-2: Ball 3-2: Foul Ball, location: 2F 3-2: Strikes out swinging
|
Batting: RHB Matt Chapman
|
0-0: Called Strike 0-1: Ball 1-1: Ball 2-1: Swinging Strike 2-2: Strikes out swinging
|
Batting: RHB Mark Canha
|
0-0: Ball 1-0: Foul Ball, location: 2F 1-1: Foul Ball, location: 2F 1-2: Foul Ball, location: 2F 1-2: Ground out 6-3 (Groundball, 6S, EV 85.6 MPH)
|
Bottom of the 2nd over - 0 runs, 0 hits, 0 errors, 0 left on base; Boston 2 - Cleveland 0 |
TOP OF THE 3RD |
Boston Red Sox batting - Pitching for Cleveland Indians : RHP Max Scherzer
|
Batting: LHB Joe Panik
|
0-0: Called Strike 0-1: Foul Ball, location: 2F 0-2: Ball 1-2: Ball 2-2: Foul Ball, location: 2F 2-2: Strikes out swinging
|
Batting: RHB Mike Trout
|
0-0: Called Strike 0-1: Ball 1-1: Swinging Strike 1-2: Ball 2-2: Ball 3-2: SINGLE (Line Drive, 9S, EV 88.1 MPH)
|
Batting: RHB Xander Bogaerts
|
0-0: Called Strike 0-1: Foul Ball, location: 2F 0-2: Ball 1-2: Strikes out swinging
|
Batting: SHB Marwin Gonzalez
|
0-0: Ball 1-0: Called Strike 1-1: SINGLE (Line Drive, 3D, EV 97.5 MPH) Mike Trout to second Runner from 2nd tries for 3rd, SAFE, throw by RF made to third
|
Batting: RHB Steven Souza Jr.
|
0-0: Swinging Strike 0-1: Ball 1-1: Called Strike 1-2: Ball 2-2: Strikes out looking
|
Top of the 3rd over - 0 runs, 2 hits, 0 errors, 2 left on base; Boston 2 - Cleveland 0 |
BOTTOM OF THE 3RD |
Cleveland Indians batting - Pitching for Boston Red Sox : RHP Alejandro Requena
|
Batting: LHB Matt Carpenter
|
0-0: Called Strike 0-1: Ball 1-1: Ball 2-1: Called Strike 2-2: Foul Ball, location: 2F 2-2: Ball 3-2: Base on Balls
|
Batting: RHB Mitch Garver
|
0-0: Foul Ball, location: 2F 0-1: Ball 1-1: Ball 2-1: Foul Ball, location: 2F 2-2: Foul Ball, location: 2F 2-2: Foul Ball, location: 2F 2-2: Foul Ball, location: 2F 2-2: Strikes out looking
|
Batting: RHB Kevin Pillar
|
0-0: Ball 1-0: Ball 2-0: Called Strike 2-1: Fly out, F9 (Line Drive, 9, EV 94.4 MPH)
|
Batting: SHB Jose Ramirez
|
0-0: Called Strike 0-1: Foul Ball, location: 2F 0-2: SINGLE (Line Drive, 89M, EV 89.4 MPH) Matt Carpenter to second
|
Batting: RHB Marcus Semien
|
0-0: Foul Ball, location: 2F 0-1: Ball 1-1: Ball 2-1: Foul Ball, location: 2F 2-2: SINGLE (Flyball, 4D, EV 95.0 MPH) Matt Carpenter to third Jose Ramirez to second Runner from 3rd tries for Home, SAFE, throw by CF to home
|
Batting: LHB Christian Yelich
|
0-0: SINGLE (Line Drive, 56D, EV 102.5 MPH) Jose Ramirez to third Marcus Semien to second
|
Batting: RHB J.D. Martinez
|
0-0: Ball 1-0: Foul Ball, location: 2F 1-1: Ground out 4-3 (Groundball, 34D, EV 82.5 MPH)
|
Bottom of the 3rd over - 1 run, 3 hits, 0 errors, 3 left on base; Boston 2 - Cleveland 1 |
TOP OF THE 4TH |
Boston Red Sox batting - Pitching for Cleveland Indians : RHP Max Scherzer
|
Batting: LHB Jarrod Dyson
|
0-0: Called Strike 0-1: Ball 1-1: Ball 2-1: Called Strike 2-2: Strikes out swinging
|
Batting: RHB Wilson Ramos
|
0-0: Called Strike 0-1: Fly out, F3 (Popup, 3SF, EV 85.0 MPH)
|
Batting: SHB Willi Castro
|
0-0: Foul Ball, location: 2F 0-1: Fly out, F6 (Flyball, 56D, EV 93.8 MPH)
|
Top of the 4th over - 0 runs, 0 hits, 0 errors, 0 left on base; Boston 2 - Cleveland 1 |
BOTTOM OF THE 4TH |
Cleveland Indians batting - Pitching for Boston Red Sox : RHP Alejandro Requena
|
Batting: RHB Matt Chapman
|
0-0: Foul Ball, location: 2F 0-1: Fly out, F9 (Flyball, 9LD, EV 103.8 MPH)
|
Batting: RHB Mark Canha
|
0-0: Called Strike 0-1: Ball 1-1: Foul Ball, location: 2F 1-2: Ball 2-2: Ball 3-2: Base on Balls
|
Batting: LHB Matt Carpenter
|
0-0: Foul Ball, location: 2F 0-1: Ball 1-1: Swinging Strike 1-2: Ball 2-2: Ball 3-2: SINGLE (Line Drive, 4D, EV 104.4 MPH) Mark Canha to second
|
Batting: RHB Mitch Garver
|
0-0: Called Strike 0-1: Ball 1-1: SINGLE (Line Drive, 9LS, EV 93.1 MPH) Mark Canha to third Matt Carpenter to second
|
Pitching: LHP Victor Gonzalez
|
|
Batting: RHB Kevin Pillar
|
0-0: Called Strike 0-1: Ball 1-1: Ball 2-1: Fly out, F8 (Line Drive, 8RM, EV 90.6 MPH) Runner from 3rd tags up, SCORES, throw by CF
|
Batting: SHB Jose Ramirez
|
0-0: Called Strike 0-1: Fly out, F9 (Flyball, 9S, EV 95.0 MPH)
|
Bottom of the 4th over - 1 run, 2 hits, 0 errors, 2 left on base; Boston 2 - Cleveland 2 |
TOP OF THE 5TH |
Boston Red Sox batting - Pitching for Cleveland Indians : RHP Max Scherzer
|
Batting: LHB Zach McKinstry
|
0-0: Called Strike 0-1: Swinging Strike 0-2: SINGLE (Line Drive, 7S, EV 109.4 MPH)
|
Batting: LHB Joe Panik
|
0-0: Foul Ball, location: 2F 0-1: Swinging Strike Zach McKinstry steals 2nd base 0-2: Ball 1-2: Ground out 5-3 (Groundball, 56S, EV 84.4 MPH)
|
Batting: RHB Mike Trout
|
0-0: Called Strike 0-1: Swinging Strike 0-2: Strikes out swinging
|
Batting: RHB Xander Bogaerts
|
0-0: Ball Wild Pitch! Zach McKinstry to third 1-0: Called Strike 1-1: Called Strike 1-2: DOUBLE (Flyball, 78XD, EV 98.8 MPH) Zach McKinstry scores
|
Batting: SHB Marwin Gonzalez
|
0-0: Called Strike 0-1: Ball 1-1: Ball 2-1: Foul Ball, location: 2F 2-2: Strikes out swinging
|
Top of the 5th over - 1 run, 2 hits, 0 errors, 1 left on base; Boston 3 - Cleveland 2 |
BOTTOM OF THE 5TH |
Cleveland Indians batting - Pitching for Boston Red Sox : LHP Victor Gonzalez
|
Batting: RHB Marcus Semien
|
0-0: Ball 1-0: Called Strike 1-1: Ball 2-1: Ball 3-1: Foul Ball, location: 2F 3-2: Foul Ball, location: 2F 3-2: Base on Balls
|
Batting: LHB Christian Yelich
|
0-0: Foul Ball, location: 2F 0-1: Ball 1-1: Ball 2-1: Fly out, F8 (Flyball, 8LS, EV 83.8 MPH)
|
Batting: RHB J.D. Martinez
|
0-0: Ball 1-0: Called Strike 1-1: Ball 2-1: Ball 3-1: Called Strike 3-2: Grounds into double play, 4-6-3 (Groundball, 4, EV 82.5 MPH)
|
Bottom of the 5th over - 0 runs, 0 hits, 0 errors, 0 left on base; Boston 3 - Cleveland 2 |
TOP OF THE 6TH |
Boston Red Sox batting - Pitching for Cleveland Indians : RHP Max Scherzer
|
Batting: RHB Steven Souza Jr.
|
0-0: Foul Ball, location: 2F 0-1: Called Strike 0-2: Strikes out swinging
|
Batting: LHB Jarrod Dyson
|
0-0: Called Strike 0-1: Ball 1-1: Called Strike 1-2: Foul Ball, location: 2F 1-2: Foul Ball, location: 2F 1-2: Fly out, F7 (Flyball, 7S, EV 65.0 MPH)
|
Batting: RHB Wilson Ramos
|
0-0: Called Strike 0-1: Ball 1-1: Called Strike 1-2: SINGLE (Flyball, 8RS, EV 86.9 MPH)
|
Batting: SHB Willi Castro
|
0-0: Fly out, F3 (Popup, 3S, EV 60.0 MPH)
|
Top of the 6th over - 0 runs, 1 hit, 0 errors, 1 left on base; Boston 3 - Cleveland 2 |
BOTTOM OF THE 6TH |
Cleveland Indians batting - Pitching for Boston Red Sox : LHP Victor Gonzalez
|
Batting: RHB Matt Chapman
|
0-0: Foul Ball, location: 2F 0-1: Ground out 6-3 (Groundball, 6, EV 101.3 MPH)
|
Batting: RHB Mark Canha
|
0-0: Ball 1-0: Fly out, F9 (Flyball, 9LS, EV 75.0 MPH)
|
Batting: LHB Matt Carpenter
|
0-0: Ball 1-0: Ball 2-0: SOLO HOME RUN (Flyball, 89XD, EV 96.9 MPH), Distance : 429 ft
|
Batting: RHB Mitch Garver
|
0-0: Ball 1-0: Called Strike 1-1: Ball 2-1: Ground out U3 (Groundball, 34S, EV 80.0 MPH)
|
Bottom of the 6th over - 1 run, 1 hit, 0 errors, 0 left on base; Boston 3 - Cleveland 3 |
TOP OF THE 7TH |
Boston Red Sox batting - Pitching for Cleveland Indians : RHP Max Scherzer
|
Batting: LHB Zach McKinstry
|
0-0: Called Strike 0-1: Called Strike 0-2: Ball 1-2: Ball 2-2: Strikes out swinging
|
Pitching: RHP David Robertson
|
|
Batting: LHB Joe Panik
|
0-0: Ball 1-0: Ball 2-0: Called Strike 2-1: Called Strike 2-2: Foul Ball, location: 2F 2-2: Ball 3-2: Strikes out swinging
|
Batting: RHB Mike Trout
|
0-0: Ball 1-0: Ball 2-0: Foul Ball, location: 2F 2-1: Foul Ball, location: 2F 2-2: SOLO HOME RUN (Flyball, 8RXD, EV 101.3 MPH), Distance : 491 ft
|
Batting: RHB Xander Bogaerts
|
0-0: Ball 1-0: Called Strike 1-1: Foul Ball, location: 2F 1-2: Fly out, F8 (Flyball, 78M, EV 97.5 MPH)
|
Top of the 7th over - 1 run, 1 hit, 0 errors, 0 left on base; Boston 4 - Cleveland 3 |
BOTTOM OF THE 7TH |
Cleveland Indians batting - Pitching for Boston Red Sox : LHP Victor Gonzalez
|
Pitching: LHP Sam Selman
|
|
Batting: RHB Kevin Pillar
|
0-0: Called Strike 0-1: Ball 1-1: Called Strike 1-2: Strikes out looking
|
Batting: SHB Jose Ramirez
|
0-0: Foul Ball, location: 2F 0-1: Ball 1-1: Ball 2-1: Called Strike 2-2: Foul Ball, location: 2F 2-2: Foul Ball, location: 2F 2-2: Ground out 5-3 (Groundball, 56, EV 86.9 MPH)
|
Batting: RHB Marcus Semien
|
0-0: Ball 1-0: Ball 2-0: Swinging Strike 2-1: Foul Ball, location: 2F 2-2: Ball 3-2: Base on Balls
|
Batting: LHB Christian Yelich
|
0-0: Ball 1-0: Foul Ball, location: 2F 1-1: Ball 2-1: Called Strike 2-2: Ball 3-2: Foul Ball, location: 2F 3-2: Strikes out swinging
|
Bottom of the 7th over - 0 runs, 0 hits, 0 errors, 1 left on base; Boston 4 - Cleveland 3 |
TOP OF THE 8TH |
Boston Red Sox batting - Pitching for Cleveland Indians : RHP David Robertson
|
Pitching: RHP Tayron Guerrero
|
|
Batting: SHB Marwin Gonzalez
|
0-0: Ball 1-0: Ball 2-0: Called Strike 2-1: Swinging Strike 2-2: Ball 3-2: Base on Balls
|
Batting: RHB Steven Souza Jr.
|
0-0: Swinging Strike 0-1: Foul Ball, location: 2F 0-2: Ball 1-2: Foul Ball, location: 2F 1-2: Strikes out swinging
|
Batting: LHB Jarrod Dyson
|
0-0: Ball 1-0: Called Strike 1-1: DOUBLE (Flyball, 89XD, EV 93.1 MPH) Marwin Gonzalez to third
|
Batting: RHB Wilson Ramos
|
0-0: Ball 1-0: Called Strike 1-1: Ball 2-1: Ball 3-1: Called Strike 3-2: Base on Balls
|
Batting: SHB Willi Castro
|
0-0: Ball 1-0: Fly out, F8 (Flyball, 8RM, EV 86.9 MPH) Runner from 3rd tags up, SCORES, throw by CF
|
Batting: LHB Zach McKinstry
|
0-0: Ball 1-0: Ball 2-0: Ball 3-0: Called Strike 3-1: Foul Ball, location: 2F 3-2: Base on Balls Jarrod Dyson to third Wilson Ramos to second
|
Pitching: LHP Drew Pomeranz
|
|
Batting: LHB Joe Panik
|
0-0: Ball 1-0: Ball 2-0: Fielders Choice at 2nd, 5-4 (Groundball, 5, EV 86.3 MPH)
|
Top of the 8th over - 1 run, 1 hit, 0 errors, 3 left on base; Boston 5 - Cleveland 3 |
BOTTOM OF THE 8TH |
Cleveland Indians batting - Pitching for Boston Red Sox : LHP Sam Selman
|
Pitching: RHP Kyle Keller
|
|
Batting: RHB J.D. Martinez
|
0-0: Ball 1-0: Called Strike 1-1: Ball 2-1: Ball 3-1: Base on Balls
|
Batting: RHB Matt Chapman
|
0-0: Swinging Strike 0-1: Called Strike 0-2: Fly out, F7 (Flyball, 78M, EV 90.6 MPH)
|
Batting: RHB Mark Canha
|
0-0: Called Strike 0-1: Ball 1-1: Called Strike 1-2: Ball 2-2: Ball 3-2: Foul Ball, location: 2F 3-2: Base on Balls J.D. Martinez to second
|
Batting: LHB Matt Carpenter
|
0-0: Ball 1-0: Ball 2-0: Ball 3-0: Base on Balls J.D. Martinez to third Mark Canha to second
|
Batting: RHB Mitch Garver
|
0-0: Fly out, F7 (Flyball, 78D, EV 101.3 MPH) Runner from 3rd tags up, SCORES, throw by LF
|
Batting: RHB Kevin Pillar
|
0-0: Foul Ball, location: 2F 0-1: Ball 1-1: Called Strike 1-2: Ball 2-2: Foul Ball, location: 2F 2-2: Strikes out looking
|
Bottom of the 8th over - 1 run, 0 hits, 0 errors, 2 left on base; Boston 5 - Cleveland 4 |
TOP OF THE 9TH |
Boston Red Sox batting - Pitching for Cleveland Indians : LHP Drew Pomeranz
|
Pitching: RHP Kirby Yates
|
|
Batting: RHB Mike Trout
|
0-0: Ball 1-0: Ball 2-0: Ball 3-0: Base on Balls
|
Batting: RHB Xander Bogaerts
|
0-0: Foul Ball, location: 2F 0-1: Ball 1-1: Swinging Strike 1-2: Ball 2-2: Ball 3-2: SINGLE (Line Drive, 34, EV 109.4 MPH) Mike Trout to second Mike Trout to third
|
Batting: SHB Marwin Gonzalez
|
0-0: Ball 1-0: Ball Wild Pitch! Mike Trout scores Xander Bogaerts to second 2-0: Swinging Strike 2-1: Foul Ball, location: 2F 2-2: Strikes out looking
|
Batting: RHB Steven Souza Jr.
|
0-0: Ball 1-0: Ball 2-0: Ball 3-0: Called Strike 3-1: Called Strike 3-2: Strikes out swinging
|
Batting: LHB Jarrod Dyson
|
0-0: Called Strike 0-1: Foul Ball, location: 2F 0-2: Strikes out swinging
|
Top of the 9th over - 1 run, 1 hit, 0 errors, 1 left on base; Boston 6 - Cleveland 4 |
BOTTOM OF THE 9TH |
Cleveland Indians batting - Pitching for Boston Red Sox : RHP Kyle Keller
|
Pitching: RHP Edwin Diaz
|
|
Now at 3B: Kaleb Cowart
|
|
Now in LF: Vince Fernandez
|
|
Batting: SHB Jose Ramirez
|
0-0: Foul Ball, location: 2F 0-1: Ball 1-1: Foul Ball, location: 2F 1-2: Strikes out swinging
|
Batting: RHB Marcus Semien
|
0-0: Fly out, F7 (Flyball, 7S, EV 74.4 MPH)
|
Batting: LHB Christian Yelich
|
0-0: Ball 1-0: Ball 2-0: Ball 3-0: Called Strike 3-1: Fly out, F7 (Flyball, 7D, EV 99.4 MPH)
|
Bottom of the 9th over - 0 runs, 0 hits, 0 errors, 0 left on base; Boston 6 - Cleveland 4 |
|